 Dungeon Crawl Stone Soup version 0.27-a0-1502-g47ed6a6988 (webtiles) character file.

Game seed: 4929912968619855997

0 lunkers the Magician (level 1, 0/18 HPs)
             Began as a Djinni Warper on July 8, 2021.
             Slain by a quokka (3 damage)
             ... on level 1 of the Dungeon.
             The game lasted 00:00:11 (45 turns).

lunkers the Magician (Djinni Warper)                  Turns: 45, Time: 00:00:12

Health: 0/18       AC:  3    Str: 10    XL:     1   Next: 11%
Gold:   0          EV: 11    Int: 14    God:
                   SH:  0    Dex: 12

rFire    + + .     SeeInvis .     - Unarmed
rCold    x . .     Faith    .   (no shield)
rNeg     . . .     Spirit   .   a - +0 leather armour
rPois    ∞         Reflect  .   (no helmet)
rElec    .         Harm     .   (no cloak)
rCorr    .         Rampage  .   (no gloves)
Will     .....                  (boots unavailable)
Stlth    +.........             (no amulet)
HPRegen  0.06/turn              (no ring)
MPRegen  0.00/turn              (no ring)

@: flying
A: sickness immunity, fire resistance 2, cold vulnerability 1, float, innate
caster, hp casting, extra vitality 1
a: no special abilities


You were on level 1 of the Dungeon.
You visited 1 branch of the dungeon, and saw 1 of its levels.

Inventory:

Missiles
 c - 5 boomerangs of dispersal
Armour
 a - a +0 leather armour (worn)
Scrolls
 b - a scroll of blinking
Potions
 d - a potion of might {unknown}


   Skills:
 - Level 2.0 Fighting
 - Level 0.7 Throwing
 - Level 1.0 Armour
 - Level 2.1 Dodging
 * Level 2.0 Unarmed Combat
 + Level 2.4 Spellcasting


You couldn't memorise any spells.
You knew the following spells:

 Your Spells              Type           Power      Damage    Failure   Level
b - Lesser Beckoning      Tloc           4%         N/A       34%         3
c - Gell's Gravitas       Tloc           4%         N/A       34%         3
d - Teleport Other        Tloc           8%         N/A       34%         3
e - Manifold Assault      Tloc           8%         N/A       97%         5
p - Blink                 Tloc           N/A        N/A       17%         2
Your spell library was empty.

Dungeon Overview and Level Annotations

Branches:
Dungeon (1/15)

Altars:


Innate Abilities, Weirdness & Mutations

You are immune to sickness and miasma.
You are immune to poison.
Your flesh is very heat resistant. (rF++)
You are vulnerable to cold. (rC-)
You float through the air rather than walking.
You learn spells naturally, not from books.
Your magical power is your life essence.
You have superior vitality. (+4 HP)


Message History

The bat is heavily wounded.
The bat barely misses you. The bat hits you.
You barely miss the bat.
The bat is heavily wounded.
The bat hits you but does no damage.
A rat and a quokka come into view.
The bat hits you.
A rat comes into view.
The bat barely misses you.
You hit the bat but do no damage.
The bat is heavily wounded.
The bat barely misses you.
You hit the rat.
The rat is heavily wounded.
The bat closely misses you. The rat bites you.
You closely miss the rat.
The rat is heavily wounded.
The bat barely misses you. The rat barely misses you. The rat bites you.
You barely miss the rat.
The rat is heavily wounded.
The bat hits you but does no damage. The quokka bites you.
* * * LOW HITPOINT WARNING * * *
The rat bites you.
* * * LOW HITPOINT WARNING * * *
The bat hits you but does no damage. The rat bites you but does no damage.
You are too injured to fight recklessly!
The bat hits you.
* * * LOW HITPOINT WARNING * * *
The rat misses you. The quokka misses you. The bat hits you but does no damage.
The bat hits you.
* * * LOW HITPOINT WARNING * * *
The bat completely misses you.
You barely miss the bat.
The bat is heavily wounded.
The bat barely misses you. The rat closely misses you.
The quokka twitches its whiskers.
The quokka bites you but does no damage.
The bat barely misses you. The quokka bites you.
You die...

### ....... #.#### ## .......
###...######## #.. .......
##b@.≈≈....≈..##[.# .......
##rr#....≈≈≈≈≈...... .......
##r.###.≈≈≈≈≈≈.≈≈..≈. .......
##..##...≈≈≈≈≈.≈≈≈≈≈..
..>....##.†..#..≈≈≈≈≈≈≈.≈≈≈≈≈≈
..........#.###.≈≈≈≈..<.≈≈≈≈..
..........###...≈≈≈≈≈≈..≈≈≈≈≈≈
.......##.# .≈≈..≈≈≈≈≈.≈≈≈.≈≈≈
....... ..# ≈≈≈≈≈.≈≈≈.≈≈≈≈....


You could see a quokka, a bat and 2 rats.

Vanquished Creatures
  A rat (D:1)
1 creature vanquished.

Notes
Turn   | Place    | Note
-------+----------+-------------------------------------------
     0 | D:1      | lunkers the Djinni Warper began the quest for the Orb.
     0 | D:1      | Reached XP level 1. HP: 18/18 MP: 0/0
    45 | D:1      | Slain by a quokka

Illustrated notes

Levels and vault maps discovered:
D:1:      dpeg_arrival_subterranean_lakeside_camping, layout_rooms,
          ebering_ecumenical_altar_rust, minivault_19, hangedman_decor_growths

Action                   || total
-------------------------++-------
Melee: Unarmed           ||    16
Armor: Leather armour    ||    13
Dodge: Dodged            ||    19

Table legend: (Time is in decaauts)
 A = Elapsed time spent in this place.
 B = Non-inter-level travel time spent in this place.
 C = Inter-level travel time spent in this place.
 D = Time resting spent in this place.
 E = Time spent auto-exploring this place.
 F = Levels seen in this place.
 G = Mean time per level.
                   A        B        C        D        E       F      G
               +--------+--------+--------+--------+--------+-----+--------+
         Total |     44 |     44 |      0 |      0 |     13 |   1 |   44.0 |
       Dungeon |     44 |     44 |      0 |      0 |     13 |   1 |   44.0 |
               +--------+--------+--------+--------+--------+-----+--------+

Top non-repeatable levels by time:
     D:1: 44 daAuts
